 Dungeon Crawl Stone Soup version 0.27.1-34-g3ba077fa99 (webtiles) character file.

Game seed: 5958946735847408887

3790 Arum the Fighter (level 10, -3/124 HPs)
             Began as a Formicid Fighter on Jan 14, 2022.
             Was a Believer of the Shining One.
             Slain by an orc warrior (8 damage)
             ... in a bailey.
             The game lasted 00:09:21 (7166 turns).

Arum the Fighter (Formicid Fighter)                 Turns: 7166, Time: 00:09:22

Health: -3/124     AC: 25    Str: 23    XL:     10   Next: 39%
Magic:  0/15       EV:  2    Int:  9    God:    the Shining One [**....]
Gold:   1361       SH: 12    Dex: 10    Spells: 9/9 levels left

rFire    . . .     SeeInvis .   a - +1 quarterstaff (freeze)
rCold    . . .     Faith    .   c - +1 kite shield
rNeg     + + +     Spirit   +   (armour currently unavailable)
rPois    +         Reflect  .   (helmet unavailable)
rElec    .         Harm     .   (cloak currently unavailable)
rCorr    .         Rampage  .   (gloves currently unavailable)
Will     +....                  (boots currently unavailable)
Stlth    +.........             p - amulet of guardian spirit
HPRegen  0.30/turn              i - +4 ring of evasion
MPRegen  0.14/turn              l - +4 ring of evasion

@: mighty, tree-form, glowing
A: stationary, stasis, torment immunity, boosted hp, permanent stasis, dig
shafts and tunnels, (antennae 3), four strong arms
a: Renounce Religion, Divine Shield


You were in a bailey.
You worshipped the Shining One.
The Shining One was pleased with you.
You were a tree.
You visited 1 branch of the dungeon, and saw 7 of its levels.
You also visited: Sewer and Bailey.

You collected 1361 gold pieces.

Inventory:

Hand Weapons
 a - a +1 quarterstaff of freezing (weapon)
 g - a +0 quarterstaff
 v - a +0 halberd
Missiles
 t - 3 javelins
Armour
 b - a +0 scale mail (melded)
 c - a +1 kite shield (worn)
 n - a scarf of resistance (melded)
Jewellery
 i - a +4 ring of evasion (left branch)
 l - a +4 ring of evasion (right branch)
 o - a ring of ice
 p - an amulet of guardian spirit (around neck)
 r - a +6 ring of dexterity
 s - a ring of resist corrosion
Scrolls
 e - a scroll of identify
 f - a scroll of amnesia
 u - 2 scrolls of enchant weapon
Potions
 h - 3 potions of flight
 j - a potion of mutation
 k - a potion of lignification
 m - a potion of invisibility
 q - a potion of degeneration


   Skills:
 + Level 9.3 Fighting
 + Level 8.1 Staves
 - Level 3.2 Armour
 - Level 9.0 Shields
 + Level 6.8 Invocations


You had 9 spell levels left.
You didn't know any spells.
Your spell library contained the following spells:

 Spells                   Type           Power      Damage    Failure   Level
 Sublimation of Blood     Necr           0%         N/A       52%         2
 Wereblood                Tmut           0%         N/A       52%         2
 Ozocubu's Armour         Ice            0%         N/A       77%         3
 Metabolic Englaciation   Hex/Ice        0%         N/A       100%        5
 Dispersal                Tloc           0%         N/A       100%        6
 Simulacrum               Ice/Necr       0%         N/A       100%        6
 Summon Hydra             Summ           0%         N/A       100%        7
 Disjunction              Tloc           0%         N/A       100%        8


Dungeon Overview and Level Annotations

Branches:
Dungeon (7/15)             Temple (0/1) D:5           Sewer (visited)
 Bailey (1/1)

Altars:
The Shining One


Innate Abilities, Weirdness & Mutations

You are a tree.
Your roots penetrate the ground, keeping you stationary.
You cannot be teleported.
You are immune to unholy pain and torment.
Your maximum health is greatly increased.
Your equipment is partially melded.
You cannot be hasted, slowed, berserked, paralysed or teleported.
You can dig through walls and to a lower floor.
((You have a pair of large antennae on your head. (SInv)))
Your four strong arms can wield two-handed weapons with a shield.


Message History

The orc closely misses you.
An orc warrior comes into view. It is wielding a +0 halberd.
The orc warrior hits you from afar with a +0 halberd!
You feel very mighty all of a sudden.
The orc warrior shouts!
You hear a shout!
You block the orc's attack. The orc warrior completely misses you.
The orc warrior hits you from afar with a +0 halberd.
The orc knight roars a battlecry!
The orcs go into a battle-frenzy!
You block the orc warrior's attack.
You hit the orc warrior. You freeze the orc warrior.
The orc warrior is lightly wounded.
The orc misses you. You block the orc warrior's attack.
The orc warrior misses you.
Unknown command.
You hit the orc warrior. You freeze the orc warrior.
The orc warrior is moderately wounded.
You block the orc's attack. You block the orc warrior's attack.
The orc warrior hits you from afar with a +0 halberd!!
* * * LOW HITPOINT WARNING * * *
You block the orc warrior's attack.
You hit the orc warrior. You freeze the orc warrior.
The orc warrior is heavily wounded.
You block the orc warrior's attack. The orc barely misses you.
You block the orc warrior's attack.
Okay, then.
Unknown command.
Really quaff the potion of lignification?
You turn into a tree.
Your scarf of resistance melds into your body.
Your +0 scale mail melds into your body.
You feel hot and cold all over.
Your roots penetrate the ground.
The orc warrior hits you but does no damage.
You block the orc's attack.
The orc warrior hits you from afar with a +0 halberd!!
* * * LOW HITPOINT WARNING * * *
You bludgeon the orc warrior!! You freeze the orc warrior.
You kill the orc warrior!
The orc warrior hits you from afar with a +0 halberd!
You die...

#### ##∩## ####
....##...##....
≈≈≈..#...#..≈≈≈
≈o≈≈.......≈≈{≈
oo≈.......≈{{{
{ ≈.......
#.oo# #.o)##
##∩#♣# #.#.##
#####


You could see an orc knight, 2 orc warriors and an orc (strong).

Vanquished Creatures
  A deep elf pyromancer (D:7)
  A komodo dragon (D:7)
  A troll (D:7)
  A shadow (D:7)
  A yak (D:7)
  A wyvern (D:7)
  A water moccasin (Sewer)
  Duvessa (D:7)
  A necrophage (D:4)
  2 orc warriors
  A sky beast (D:5)
  A black bear (D:7)
  An ice beast (D:6)
  4 centaurs
  A phantom (D:5)
  2 bullfrogs
  4 scorpions
  Dowan (D:7)
  A water moccasin zombie (D:5)
  2 wyvern skeletons
  A howler monkey (D:7)
  2 jellies
  2 gnoll shamans
  A hound (D:6)
  3 orc priests (D:6)
  A bullfrog skeleton (D:6)
  A centaur skeleton (D:5)
  Jessica (D:3)
  3 iguanas
  5 orc wizards
  A killer bee zombie (D:5)
  A hound zombie (D:5)
  A hound skeleton (D:4)
  A howler monkey zombie (D:7)
  8 adders
  7 gnolls (D:5)
  An ufetubus (D:5)
  An adder skeleton (D:4)
  A worm (D:2)
  2 dart slugs
  24 orcs
  8 ball pythons
  7 bats
  9 endoplasms
  5 giant cockroaches
  3 goblins
  6 hobgoblins
  5 jackals
  7 quokkas
  4 frilled lizards
  7 kobolds
  7 rats
165 creatures vanquished.

Notes
Turn   | Place    | Note
-------+----------+-------------------------------------------
     0 | D:1      | Arum the Formicid Fighter began the quest for the Orb.
     0 | D:1      | Reached XP level 1. HP: 18/18 MP: 1/1
    29 | D:1      | Reached XP level 2. HP: 18/24 MP: 2/2
   338 | D:1      | Reached XP level 3. HP: 28/30 MP: 3/3
  1182 | D:2      | Found a faded altar of an unknown god.
  1191 | D:2      | Reached XP level 4. HP: 37/37 MP: 4/4
  2283 | D:3      | Reached XP level 5. HP: 39/43 MP: 5/5
  2422 | D:3      | Noticed Jessica
  2435 | D:3      | Killed Jessica
  2524 | D:3      | Reached skill level 5 in Shields
  2531 | D:3      | Noticed a centaur
  2757 | D:3      | Killed a centaur
  2758 | D:3      | Reached XP level 6. HP: 38/50 MP: 6/6
  2888 | D:3      | Reached skill level 5 in Fighting
  3612 | D:4      | Reached XP level 7. HP: 45/56 MP: 7/7
  3819 | D:4      | Found a glowing golden altar of the Shining One.
  3822 | D:4      | Became a worshipper of the Shining One
  4311 | D:5      | Entered Level 5 of the Dungeon
  4509 | D:5      | Identified a scroll of acquirement
  4509 | D:5      | Acquired 979 gold pieces
  4512 | D:5      | Found a glowing drain.
  4521 | Sewer    | Entered a sewer
  4588 | Sewer    | Noticed a water moccasin
  4611 | Sewer    | Killed a water moccasin
  4997 | D:5      | Reached skill level 5 in Staves
  5002 | D:5      | Reached XP level 8. HP: 48/64 MP: 8/8
  5280 | D:5      | Reached * piety under the Shining One
  5326 | D:5      | Found a staircase to the Ecumenical Temple.
  5860 | D:6      | Reached skill level 1 in Invocations
  6087 | D:6      | Reached XP level 9. HP: 60/72 MP: 10/10
  6764 | D:7      | Noticed Duvessa
  6765 | D:7      | Noticed Dowan
  6771 | D:7      | Killed Duvessa
  6787 | D:7      | Killed Dowan
  6878 | D:7      | Noticed a komodo dragon
  6899 | D:7      | Killed a komodo dragon
  6900 | D:7      | Reached skill level 5 in Invocations
  6929 | D:7      | Identified the +1 great mace of Zeniatz {freeze, Dex+2}
  6929 | D:7      | Noticed a deep elf pyromancer
  6929 | D:7      | Reached ** piety under the Shining One
  6932 | D:7      | Noticed a two-headed ogre
  6949 | D:7      | Killed a deep elf pyromancer
  6950 | D:7      | Reached XP level 10. HP: 11/82 MP: 7/14
  7130 | D:7      | Found a flagged portal.
  7151 | Bailey   | Entered a bailey
  7151 | Bailey   | Noticed an orc knight
  7160 | Bailey   | Noticed an orc knight
  7165 | Bailey   | HP: 4/124 [orc warrior (15)]
  7166 | Bailey   | Slain by an orc warrior

Illustrated notes

Levels and vault maps discovered:
D:1:      beargit_arrival_diablo_church, layout_basic
D:2:      layout_loops_ring, shapermc_ecumenical_altar_ellora
D:3:      layout_loops_ring, minmay_hedge_maze, uniq_jessica
D:4:      layout_cave_pods, tso_oasis_becter, minmay_increasing_density
D:5:      layout_basic, minmay_temple_entry_hall, portal_sewer_entry_f
D:6:      layout_basic, kennysheep_dice
D:7:      minmay_the_grid_square_5x5_3x3 [minmay_the_grid_square_5x5_bracketed,
          minmay_the_grid_square_5x5_n, minmay_the_grid_square_5x5_trominoes,
          minmay_the_grid_square_5x5_seven,
          minmay_the_grid_square_5x5_megaprize_diamond,
          minmay_the_grid_square_5x5_comb, minmay_the_grid_square_5x5_gyroscope,
          minmay_the_grid_square_5x5_minibox, minmay_the_grid_square_5x5_six],
          layout_loops_cross, enter_bailey_2, uniq_duvessa
Bailey:   bailey_polearm_4, bailey

Skill      XL: |  1  2  3  4  5  6  7  8  9 10 |
---------------+-------------------------------+-----
Shields        | 4 5 6 7 9 |  9.0
Fighting       | 4 5 6 7 8 9 |  9.3
Staves         | 3 4 5 6 7 8 |  8.1
Invocations    | 2 6 |  6.8
Armour         | |  3.2

Action                   |  1- 3 |  4- 6 |  7- 9 | 10-12 || total
-------------------------+-------+-------+-------+-------++-------
Melee: Quarterstaff      |    78 |   155 |   286 |    35 ||   554
 Abil: Dig               |     1 |     1 |     3 |     2 ||     7
  Use: Scroll            |       |       |    16 |       ||    16
       Potion            |       |       |     1 |     2 ||     3
Armor: Scale mail        |    36 |    27 |    37 |     4 ||   104
       Skin              |       |       |       |     1 ||     1
Dodge: Dodged            |    22 |    65 |   176 |    28 ||   291
Block: Kite shield       |    47 |    80 |   192 |    28 ||   347
